 Dungeon Crawl Stone Soup version 0.19.0 (webtiles) character file.

1999 Dipster the Carver (level 9, -2/77 HPs)
             Began as a Minotaur Monk on Nov 8, 2016.
             Slain by an ogre
             ... wielding a +0 giant spiked club
              (11 damage)
             ... on level 6 of the Dungeon on Nov 9, 2016.
             The game lasted 00:12:22 (5063 turns).

Dipster the Carver (Minotaur Monk)                  Turns: 5063, Time: 00:12:22

Health: -2/77      AC: 19    Str: 21 (24) XL:     9   Next: 2%
Magic:  8/8        EV:  9    Int:  6 (7)  God:
Gold:   359        SH:  0    Dex: 16 (17) Spells: 0 memorised, 8 levels left

rFire  . . .     SeeInvis +     D - +6 flail (crush)
rCold  . . .     Gourm    .     H - +6 chain mail of Cowardice {Dex+4}
rNeg   . . .     Faith    .     (no shield)
rPois  +         Spirit   .     (helmet restricted)
rElec  .         Reflect  .     A - +1 cloak
rCorr  .         Harm     .     w - +0 pair of gloves
MR     .....                    (no boots)
Stlth  ..........               (no amulet)
                                x - ring of see invisible
                                g - ring of poison resistance

@: mighty
A: retaliatory headbutt, horns 2
a: no special abilities


You were on level 6 of the Dungeon.
You were hungry.

You visited 2 branches of the dungeon, and saw 7 of its levels.

You collected 359 gold pieces.

Inventory:

Hand Weapons
 a - a +0 falchion
 q - a +0 morningstar of flaming
 D - a +6 flail of crushing (weapon)
Missiles
 l - 7 needles of confusion
 p - 188 stones (quivered)
 y - 71 sling bullets
Armour
 b - a +0 robe
 n - a +0 plate armour
 w - a +0 pair of gloves (worn)
 A - a +1 cloak (worn)
 H - the +6 chain mail of Cowardice (worn) {Dex+4}
   (You found it on level 5 of the Dungeon)

   It affects your dexterity (+4).
Jewellery
 g - a ring of poison resistance (left hand)
 x - a ring of see invisible (right hand)
 L - an uncursed ring of poison resistance
Wands
 d - a wand of enslavement (18/24)
 k - a wand of disintegration (10/24)
 J - a wand of iceblast (15/15)
Scrolls
 i - a scroll of amnesia
 j - 2 scrolls of remove curse
 m - a scroll of fog
 s - a scroll of fear {unknown}
 t - 2 scrolls of enchant armour
Potions
 e - 2 potions of berserk rage
 h - a potion of haste
 o - 3 potions of flight
 r - 2 potions of curing
 v - a potion of agility
 z - a potion of ambrosia
 C - a potion of degeneration
 G - 2 potions of might
Comestibles
 c - 8 bread rations
 f - 7 meat rations
 E - 4 fruits
 K - a beef jerky


   Skills:
 + Level 6.3 Fighting
 * Level 10.6 Long Blades
 + Level 4.7 Maces & Flails
 + Level 6.5 Armour
 - Level 3.2 Dodging
 - Level 1.5 Stealth


You had 8 spell levels left.
You didn't know any spells.

Dungeon Overview and Level Annotations

Branches:
Dungeon (6/15)             Temple (1/1) D:5

Altars:
Ashenzari
Cheibriados
Dithmenos
Elyvilon
Fedhas
Gozag
Hepliaklqana
Kikubaaqudgha
Makhleb
Nemelex Xobeh
Okawaru
Qazlal
Ru
Sif Muna
Trog
Vehumet
Xom
Yredelemnul
Zin
The Shining One


Innate Abilities, Weirdness & Mutations

You reflexively headbutt those who attack you in melee.
You have a pair of horns on your head.


Message History

Things that are here:
a glaive; a chain mail; an orc corpse It was a potion of degeneration.
There was something very wrong with that liquid.
You feel weakened.
You feel dopey.
You feel clumsy. The cyclops barely misses you.
It was a potion of might.
You feel very mighty all of a sudden. The cyclops barely misses you.
You furiously retaliate!
You headbutt the cyclops! You completely miss the cyclops.
You headbutt the cyclops!
The cyclops is moderately wounded.
Your surroundings suddenly seem different.
An ogre comes into view. It is wielding a giant spiked club.
The ogre shouts!
The ogre hits you but does no damage.
You hit the ogre.
The ogre is moderately wounded.
The ogre hits you with a giant spiked club!
You die...

#.............................
#..#############.#############
#..#...........#.#..[........#
###..#.####.####.#.#.####.####.#
#....#....#.#....#.#....#.# #
#.#..####.#.#)####.####.#.#.####
#..#......#.#...........#.#.....
#..#.######.#############.######
##..#..........O@................
.........#####.......#..#######..
........## #########.##### #..
.#.##..#########...........# #..
.#..#..# #.....#.####..###.####..
.......# #.....#.####............
.##.#..# #........#..............
.......# #.....#..#.#............
.##..#.# #.....#.........#..###..


You could see an ogre.

Vanquished Creatures
  The ghost of hongyi the Ruffian, an amateur TrBe of Trog (D:6)
  A two-headed ogre (D:6)
  Menkaure (D:4)
  Edmund (D:4)
  An orc warrior (D:6)
  2 sky beasts (D:5)
  An ogre (D:5)
  2 centaurs
  A bullfrog (D:6)
  A water moccasin zombie (D:6)
  3 scorpions
  A centaur zombie (D:5)
  5 orc priests
  A hound (D:6)
  3 orc wizards (D:4)
  2 iguanas
  2 worker ants
  5 gnolls
  5 adders
  2 oozes (D:1)
  2 worms
  2 dart slugs
  6 leopard geckos
  14 orcs
  6 giant cockroaches
  4 goblins
  6 hobgoblins
  10 jackals
  4 quokkas
  9 bats
  4 frilled lizards
  A jackal skeleton (D:4)
  7 kobolds
  A quokka zombie (D:6)
  29 rats
146 creatures vanquished.

Notes
Turn   | Place    | Note
-------+----------+-------------------------------------------
     0 | D:1      | Dipster the Minotaur Monk began the quest for the Orb.
     0 | D:1      | Reached XP level 1. HP: 19/19 MP: 0/0
    62 | D:1      | Reached skill level 4 in Long Blades
   121 | D:1      | Reached XP level 2. HP: 21/26 MP: 1/1
   210 | D:1      | Reached skill level 5 in Long Blades
   311 | D:1      | Reached XP level 3. HP: 31/31 MP: 2/2
   674 | D:1      | Reached skill level 1 in Armour
   912 | D:2      | Found a faded altar of an unknown god.
  1271 | D:2      | Reached XP level 4. HP: 37/39 MP: 3/3
  1379 | D:3      | Reached skill level 6 in Long Blades
  1499 | D:3      | Noticed a moth of wrath
  1502 | D:3      | Found a bloodstained altar of Trog.
  1544 | D:3      | Reached XP level 5. HP: 44/45 MP: 4/4
  1748 | D:3      | Found a shadowy altar of Dithmenos.
  2027 | D:4      | Noticed Edmund
  2029 | D:4      | Noticed Menkaure
  2041 | D:4      | Killed Edmund
  2041 | D:4      | Reached skill level 7 in Long Blades
  2041 | D:4      | Reached XP level 6. HP: 21/51 MP: 5/5
  2044 | D:4      | Killed Menkaure
  2333 | D:4      | Reached skill level 8 in Long Blades
  2389 | D:4      | Reached XP level 7. HP: 17/59 MP: 6/6
  2701 | D:4      | Reached skill level 1 in Maces & Flails
  3437 | D:5      | Entered Level 5 of the Dungeon
  3537 | D:5      | Reached skill level 9 in Long Blades
  3537 | D:5      | Reached skill level 5 in Armour
  3567 | D:5      | Reached skill level 5 in Fighting
  3567 | D:5      | Reached XP level 8. HP: 51/68 MP: 7/7
  3580 | D:5      | Got a smoking chain mail
  3591 | D:5      | Identified the +6 chain mail of Cowardice {Dex+4} (You found it on level 5 of the Dungeon)
  3623 | D:5      | Found a staircase to the Ecumenical Temple.
  3637 | Temple   | Entered the Ecumenical Temple
  4346 | D:6      | Noticed hongyi's ghost (amateur TrBe)
  4684 | D:6      | Found a glowing silver altar of Zin.
  4710 | D:6      | Killed hongyi's ghost
  4710 | D:6      | Reached skill level 10 in Long Blades
  5037 | D:6      | Noticed a two-headed ogre
  5045 | D:6      | Killed a two-headed ogre
  5054 | D:6      | Reached XP level 9. HP: 15/77 MP: 8/8
  5058 | D:6      | Noticed a cyclops
  5063 | D:6      | Slain by an ogre

Skill      XL: |  1  2  3  4  5  6  7  8 |
---------------+-------------------------+-----
Long Blades    | 4 5 6 7 8 9 10 | 10.6
Armour         | 1 2 3 4 5 6 |  6.5
Fighting       | 4 5 6 |  6.3
Maces & Flails | 2 4 |  4.7
Dodging        | |  3.2
Stealth        | |  1.5

Action                   |  1- 3 |  4- 6 |  7- 9 || total
-------------------------+-------+-------+-------++-------
Melee: Falchion          |    89 |   101 |       ||   190
       Headbutt          |    23 |    20 |    31 ||    74
       Flail             |       |    33 |   140 ||   173
  Use: Potion            |       |     3 |     4 ||     7
       Scroll            |       |       |    16 ||    16
 Stab: Sleeping          |     1 |       |       ||     1
  Eat: Meat ration       |       |     1 |       ||     1
       Chunk             |       |       |     8 ||     8
Armor: Robe              |     4 |       |       ||     4
       Plate armour      |    52 |   112 |    85 ||   249
       Skin              |       |     2 |     1 ||     3
       Chain mail        |       |       |    30 ||    30
Dodge: Dodged            |    43 |    50 |    70 ||   163
       Rpst.: Falchion   |    17 |     7 |       ||    24
